 Dungeon Crawl Stone Soup version 0.29.1-2-gbd0b4ee654 (webtiles) character file.

Game seed: 17296428521597330661

64 Hiippo the Ruffian (level 3, -4/29 HPs)
             Began as a Draconian Transmuter on Nov 29, 2022.
             Was a Believer of Fedhas.
             Slain by Grinder (6 damage)
             ... while paralysed by Grinder
             ... on level 3 of the Dungeon.
             The game lasted 00:18:27 (2572 turns).

Hiippo the Ruffian (Draconian Transmuter)           Turns: 2572, Time: 00:18:27

Health: -4/29      AC:  6    Str: 12    XL:     3   Next: 91%
Magic:  4/6        EV:  2    Int: 15    God:    Fedhas [**....]
Gold:   117        SH:  0    Dex: 11    Spells: 4/7 levels left

rFire   . . .      SeeInvis .     - Unarmed
rCold   . . .      Faith    .   (no shield)
rNeg    . . .      Spirit   .   (body armour unavailable)
rPois   .          Reflect  .   (helmet currently unavailable)
rElec   .          Harm     .   g - +0 cloak
rCorr   .          Rampage  .   (no gloves)
Will    .....                   (boots currently unavailable)
Stlth   +.........              (no amulet)
HPRegen 0.09/turn               (no ring)
MPRegen 0.10/turn               (no ring)

@: paralysed, appendages (expiring), wereblooded
A: horns 2, talons 2, AC +5, unfitting armour, cold-blooded
a: End Transformation, Renounce Religion, Wall of Briars


You were on level 3 of the Dungeon.
You worshipped Fedhas.
Fedhas was pleased with you.
You had temporarily grown beastly horns and talons.
You visited 1 branch of the dungeon, and saw 3 of its levels.

You collected 117 gold pieces.

Inventory:

Missiles
 b - 19 stones
Armour
 g - a +0 cloak (worn)
Scrolls
 c - a scroll of identify
 f - a scroll of amnesia {unknown}
Potions
 a - 2 potions of lignification
 d - a potion of flight
 e - a potion of resistance


   Skills:
 + Level 2.1 Fighting
 - Level 1.8 Dodging
 * Level 3.7 Unarmed Combat
 + Level 2.5 Spellcasting
 + Level 2.5 Transmutations


You had 4 spell levels left.
You knew the following spells:

 Your Spells              Type           Power      Damage    Failure   Level
a - Beastly Appendage     Tmut           18%        N/A       8%          1
b - Wereblood             Tmut           9%         N/A       11%         2

Your spell library contained the following spells:

 Spells                   Type           Power      Damage    Failure   Level
 Spider Form              Tmut/Pois      5%         N/A       36%         3
 Ice Form                 Ice/Tmut       5%         N/A       77%         4


Dungeon Overview and Level Annotations

Branches:
Dungeon (3/15)

Altars:
Fedhas

Annotations:
D:3 Grinder


Innate Abilities, Weirdness & Mutations

You have temporarily grown beastly horns and talons.
Your plain brown scales are hard. (AC +5)
You cannot fit into any form of body armour.
You are cold-blooded and may be slowed by cold attacks.


Message History

A rat comes into view.
Casting: Beastly Appendage (safe; 8% risk of failure)
Press: ? - help, Q - select action, (/) - cycle Dir - look around, f - activate You grow a pair of large bovine horns.
Your feet morph into talons.
The rat closely misses you.
You hit the rat.
You kill the rat!
Fedhas appreciates your contribution to the ecosystem.
Grinder comes into view.
Grinder shouts!
Grinder gestures at you. Pain shoots through your body!
Grinder gestures at you.
You barely resist.
Your transformation is almost over.
Grinder hits you but does no damage.
Casting: Wereblood (safe; 11% risk of failure)
Press: ? - help, Q - select action, (/) - cycle Dir - look around, f - activate You can't see that place.
Your blood is infused with primal strength.
Grinder drinks a potion.
Grinder seems to speed up.
You hit Grinder. Your kick misses Grinder.
Grinder is lightly wounded.
Grinder barely misses you. Grinder gestures at you.
Pain shoots through your body!
You hit Grinder. Your kick misses Grinder.
Grinder is lightly wounded.
Grinder completely misses you.
You closely miss Grinder. You tail-slap Grinder.
Grinder is moderately wounded.
Grinder closely misses you. Grinder gestures at you.
You suddenly lose the ability to move!
Grinder hits you.
You writhe in agony.
Grinder hits you!
* * * LOW HITPOINT WARNING * * *
You writhe in agony.
You die...
Fedhas appreciates your contribution to the ecosystem.

#.#
#.#.#
#.#.#
#.#.#
#.#.###
#.#...#
#.#.#.#
#5###.#
#.@...#
#######


You could see Grinder (fast).

Vanquished Creatures
  An adder (D:2)
  2 worms (D:2)
  3 endoplasms (D:1)
  2 giant cockroaches
  3 goblins
  2 hobgoblins
  6 jackals (D:1)
  6 kobolds
  7 ball pythons (D:1)
  5 bats
  7 frilled lizards
  6 rats
50 creatures vanquished.

Notes
Turn   | Place    | Note
-------+----------+-------------------------------------------
     0 | D:1      | Hiippo the Draconian Transmuter began the quest for the
                  | Orb.
     0 | D:1      | Reached XP level 1. HP: 16/16 MP: 3/3
   295 | D:1      | Reached XP level 2. HP: 13/23 MP: 5/5
   464 | D:1      | Found a faded altar of an unknown god.
   605 | D:1      | Learned a level 2 spell: Wereblood
   656 | D:1      | Prayed at the altar of an unknown god.
   656 | D:1      | Became a worshipper of Fedhas Madash
   656 | D:1      | Reached * piety under Fedhas
   858 | D:1      | Reached XP level 3. HP: 29/29 MP: 2/6
  1484 | D:2      | Reached ** piety under Fedhas
  2562 | D:3      | Noticed Grinder
  2570 | D:3      | Paralysed by Grinder for 5 turns
  2572 | D:3      | Slain by Grinder

Illustrated notes

Levels and vault maps discovered:
D:1:      erik_arrival_cave_to_civilisation [erik_arrival_cave_to_hall],
          layout_loops_ring, nicolae_ecumenical_snake_handling
D:2:      layout_loops_ring, hex_tiny, chequers_serial_rivers_micro_a
D:3:      layout_basic, nicolae_overflow_two_pavilions, minivault_26,
          uniq_grinder, uniq_natasha

Skill      XL: |  1  2  3 |
---------------+----------+-----
Fighting       | 2 |  2.1
Dodging        | |  1.8
Unarmed Combat | |  3.7
Spellcasting   | |  2.5
Transmutations | |  2.5

Action                   || total
-------------------------++-------
Melee: Unarmed           ||   134
       Tailslap          ||    15
       Kick              ||    16
       Headbutt          ||    13
       Punch             ||     1
 Cast: Beastly Appendage ||    22
       Wereblood         ||     3
  Use: Potion            ||     3
       Scroll            ||     1
 Stab: Sleeping          ||     3
Armor: Skin              ||    50
Dodge: Dodged            ||   100
